 Dungeon Crawl Stone Soup version 0.20.0-1-g1cb1d84 (console) character file.

1606487 removed the Archmage (level 27, 165/165 HPs)
             Began as a Deep Elf Arcane Marksman on May 26, 2017.
             Was the Champion of Vehumet.
             Escaped with the Orb
             ... and 3 runes on May 27, 2017!
             The game lasted 04:37:25 (86174 turns).

removed the Archmage (Deep Elf Arcane Marksman)    Turns: 86174, Time: 04:37:25

Health: 165/165    AC: 15    Str:  7    XL:     27
Magic:  68/74      EV: 23    Int: 32    God:    Vehumet [******]
Gold:   6836       SH:  9    Dex: 23    Spells: 3/80 levels left

rFire    + . .     SeeInvis +   a - staff of fire
rCold    + . .     Gourm    .   n - +3 warlock's mirror {reflect}
rNeg     . . .     Faith    .   l - +2 robe {Archmagi}
rPois    .         Spirit   .   z - +2 helmet {SInv}
rElec    +         Reflect  +   E - +1 cloak of Starlight {rElec rC+ EV+4 Stlth--}
rCorr    .         Harm     .   b - +2 pair of gloves {Dex+3}
MR       +++..                  T - +2 pair of boots {run}
Stlth    ..........             D - amulet of Guchongo {MR+ Regen+ Dex+5}
Regen    0.8/turn               H - ring of magical power
MPRegen  0.5/turn               G - ring of magical power

@: quick
A: no striking features
0: Orb of Zot
}: 3/15 runes: serpentine, barnacled, silver
a: Renounce Religion


You escaped.
You worshipped Vehumet.
Vehumet was exalted by your worship.
You were not hungry.

You visited 11 branches of the dungeon, and saw 53 of its levels.
You visited 1 bazaar.
You also visited: Labyrinth, Trove, Sewer, Ice Cave, Wizlab and Desolation.

You collected 8418 gold pieces.
You spent 1582 gold pieces at shops.

Inventory:

Hand Weapons
 g - a +0 blowgun
 S - the cursed +13 scythe of Curses {drain, *Curse}
   (You took it off a reaper on level 1 of the Depths)

   A truly terrible weapon, it drains the life of those it strikes.
   It curses itself when equipped.
   It has a curse placed upon it.
Missiles
 A - 8 curare-tipped needles
 L - 13 throwing nets (quivered)
Armour
 b - a +2 pair of gloves of dexterity (worn)
 l - a +2 robe of the Archmagi (worn)
 n - the +3 warlock's mirror (worn) {reflect}
   (You found it on level 6 of the Lair of Beasts)
 u - the +2 pair of boots of Circular Logic {MR+ Str+4}
   (You found it on level 3 of the Elven Halls)

   It affects your strength (+4).
   It affects your resistance to hostile enchantments.
 z - a +2 helmet of see invisible (worn)
 E - the +1 cloak of Starlight (worn) {rElec rC+ EV+4 Stlth--}
   (You found it on level 5 of the Lair of Beasts)

   It affects your evasion (+4).
   It protects you from cold.
   It insulates you from electricity.
   It makes you much less stealthy.
 Q - a +2 robe of resistance
 T - a +2 pair of boots of running (worn)
Magical Staves
 a - an uncursed staff of fire (weapon)
 e - an uncursed staff of energy
 w - an uncursed staff of wizardry
 Y - an uncursed staff of air {unknown}
Jewellery
 c - the ring "Becs" {rPois rC+ Int+4 Dex-4 Slay+3}
   (You found it on level 12 of the Dungeon)

   [ring of protection from cold]

   It affects your intelligence (+4).
   It affects your dexterity (-4).
   It affects your accuracy and damage with ranged weapons and melee attacks
   (+3).
   It protects you from cold.
   It protects you from poison.
 r - an uncursed ring of flight {unknown}
 D - the amulet of Guchongo (around neck) {MR+ Regen+ Dex+5}
   (You found it in a labyrinth)

   [amulet of regeneration]

   It affects your dexterity (+5).
   It affects your resistance to hostile enchantments.
   It increases your rate of regeneration.
 G - a ring of magical power (right hand)
 H - a ring of magical power (left hand)
Wands
 i - a wand of digging (3/24)
 p - a wand of acid (0/15)
 t - a wand of iceblast (5/15)
 F - a wand of disintegration (12/24)
 O - a wand of digging (14/24)
 R - a wand of paralysis (16/24)
Scrolls
 s - 6 scrolls of fog
 v - 3 scrolls of enchant armour
 x - 5 scrolls of fear
 y - 35 scrolls of teleportation
 J - 13 scrolls of remove curse
 K - 6 scrolls of blinking
 V - 15 scrolls of identify
 Z - 10 scrolls of recharging
Potions
 d - 7 potions of brilliance
 m - 5 potions of mutation
 o - 7 potions of heal wounds
 q - 3 potions of cancellation
 B - 4 potions of resistance
 C - 6 potions of agility
 M - 23 potions of curing
 P - 7 potions of flight
 U - 3 potions of magic
 W - 2 potions of might
 X - 5 potions of haste
Books
 h - a book of the Earth

   Spells                             Type                      Level
   a - Leda's Liquefaction            Hexes/Earth                  4
   b - Bolt of Magma                  Conjuration/Fire/Earth       5
   c - Statue Form                    Transmutation/Earth          6
   d - Iron Shot                      Conjuration/Earth            6
   e - Shatter                        Earth                        9
Comestibles
 f - 20 bread rations
 j - 18 royal jellies
 k - 34 fruits
 N - 18 meat rations


   Skills:
 - Level 15.0 Fighting
   Level 2.4 Bows
 - Level 8.0 Dodging
 - Level 5.0 Shields
 O Level 27 Spellcasting
 + Level 26.0 Conjurations
   Level 4.0 Hexes
 - Level 11.1 Charms
 - Level 15.0 Necromancy
 - Level 3.7 Translocations
 - Level 14.0 Transmutations
 + Level 25.9 Fire Magic
 + Level 16.9 Earth Magic


You had 3 spell levels left.
You knew the following spells:

 Your Spells              Type           Power        Failure   Level  Hunger
a - Iron Shot             Conj/Erth      ########..   0%          6    None
b - Poison Arrow          Conj/Pois      ########..   1%          6    None
c - Bolt of Fire          Conj/Fire      #########.   0%          6    None
d - Fireball              Conj/Fire      #########.   0%          5    None
e - Regeneration          Chrm/Necr      ########..   0%          3    None
f - Fire Storm            Conj/Fire      #########.   1%          9    ####...
g - Lehudib's Crystal Sp  Conj/Erth      ########..   1%          8    None
i - Ignition              Fire           #########.   1%          8    None
l - Blink                 Tloc           N/A          1%          2    None
m - Ring of Flames        Chrm/Fire      #########.   1%          7    None
n - Necromutation         Tmut/Necr      ########..   9%          8    None
r - Deflect Missiles      Chrm/Air       #######...   9%          6    None
A - Apportation           Tloc           ######       1%          1    None
S - Sublimation of Blood  Necr           ########..   0%          2    None


Dungeon Overview and Level Annotations

Branches:
Dungeon (15/15)            Temple (1/1) D:7            Lair (6/6) D:9
 Shoals (4/4) Lair:3        Snake (4/4) Lair:2          Orc (2/2) D:9
    Elf (3/3) Orc:2        Vaults (5/5) D:14          Crypt (3/3) Vaults:2
   Tomb (0/3) Crypt:3      Depths (5/5) D:15            Zot (5/5) Depths:5
  Slime: Lair:5-6

Altars:
Ashenzari
Cheibriados
Dithmenos
Elyvilon
Fedhas
Gozag
Hepliaklqana
Kikubaaqudgha
Makhleb
Nemelex Xobeh
Okawaru
Qazlal
Ru
Sif Muna
Trog
Uskayaw
Vehumet
Xom
Yredelemnul
Zin
The Shining One
Beogh
Lugonu

Shops:
D:6 !   D:11 *   Orc:1 (   Orc:2 (*[=   Elf:1 !   Elf:2 }   Elf:3 (
Shoals:1 %   Vaults:4 ?   Depths:1 [   Depths:3 %((

Portals:
Hell: Depths:1 Depths:2 Depths:3 Depths:4 Depths:5
Abyss: Depths:4 Depths:5
Pandemonium: Depths:2 Depths:3 Depths:5
Ziggurat: Depths:4

Annotations:
D:7 exclusion: downstairs
D:11 no0bjke's ghost, journeyman GrFi
Lair:1 exclusion: oklob plant
Lair:2 exclusion: oklob plant
Lair:3 exclusion: 3 oklob plants
Lair:5 exclusion: 4 oklob plants
Elf:2 3 runed doors


Message History

Aim: an Orb Guardian You feel a surge of power!
The poison arrow hits the Orb Guardian.
The Orb Guardian looks as sick as possible!
The Orb Guardian is heavily wounded.
Casting: Poison Arrow
Confirm with . or Enter, or press ? or * to list all spells.
Aiming: Poison Arrow
Press: ? - help, Shift-Dir - straight line, f/p - Orb Guardian
Aim: an Orb Guardian (severely wounded, poisoned)
You feel a surge of power!
The poison arrow hits the Orb Guardian.
The Orb Guardian looks as sick as possible!
You kill the Orb Guardian!
Vehumet accepts your kill.
You feel your power returning.
There is a stone staircase leading up here.
You climb upwards.
There is a stone staircase leading down here.
There is an open gate here.
There is a staircase leading out of the dungeon here.
You have escaped!

#........'.....
#.#...####.....
#.##.## ##....
#.#### ##... #...#
#####.. ######.#
#..>... #.#.8#.#
#.####.
#..#'#.#####.####.
#@.#'.....##.##...
#..#'#.##.##.##...
#.#.8#.##.##.##...
######.##.##......
#.#..........#.
#.####.########
#.# #.# # #.####.#
# #......# #


There were no monsters in sight!

Vanquished Creatures
  A pandemonium lord (Depths:2)
  5 orbs of fire (Zot:5)
  Khufu (Crypt:2)
  4 ancient liches
  Mara (Depths:1)
  A juggernaut (Depths:4)
  A greater mummy (Crypt:3)
  Saint Roka (Crypt:2)
  Vashnia (Snake:4)
  Margery (Vaults:3)
  A caustic shrike (Depths:3)
  3 Killer Klowns (Zot:5)
  Bai Suzhen (Crypt:1)
  4 curse toes
  A bone dragon (Crypt:3)
  6 golden dragons
  A profane servitor (Crypt:3)
  2 electric golems (Zot:5)
  Jory (Crypt:2)
  6 tentacled monstrosities
  Jorgrun (Vaults:5)
  Rupert (D:13)
  6 liches
  A titan (Vaults:5)
  2 deep elf blademasters (Elf:3)
  27 Orb Guardians
  3 deep elf master archers (Elf:3)
  Asterion (Vaults:1)
  An ancient champion (Crypt:3)
  An eldritch tentacle (WizLab)
  Polyphemus (Shoals:2)
  A death cob (Zot:2)
  6 quicksilver dragons
  An acid blob (shapeshifter) (Vaults:5)
  4 sphinxes
  An Executioner (Depths:1)
  Gastronok (D:7)
  2 tentacled starspawn (WizLab)
  Donald (Vaults:1)
  5 draconian monks
  3 tengu reavers
  6 shadow dragons
  15 nagarajas
  A daeva (Depths:4)
  Ilsuiw (Shoals:4)
  7 storm dragons
  12 fire giants
  An imperial myrmidon (Desolation)
  2 revenants (Crypt:3)
  11 vault wardens
  2 draconian knights (Zot:5)
  A ghost moth (Zot:5)
  2 draconian scorchers (Zot:5)
  10 frost giants
  3 iron dragons
  7 deep elf sorcerers
  2 curse skulls
  A spriggan defender (Depths:5)
  3 draconian annihilators (Zot:5)
  An angel (Depths:4)
  2 orc warlords (Orc:2)
  7 ghouls
  A draconian stormcaller (Depths:5)
  24 ironheart preservers
  A draconian shifter (Zot:5)
  Louise (Shoals:3)
  4 entropy weavers
  4 deep elf elementalists
  A war gargoyle (Vaults:5)
  20 very ugly things
  8 reapers
  14 vampire knights
  26 stone giants
  A caustic shrike skeleton (Depths:4)
  5 green draconians
  An entropy weaver (shapeshifter) (Vaults:3)
  6 deep elf annihilators
  5 halazid warlocks (Desolation)
  3 deep elf demonologists
  2 black draconians
  2 white draconians
  3 purple draconians
  A spark wasp (Depths:3)
  6 yellow draconians
  A crystal guardian (Desolation)
  3 red draconians
  Snorg (Lair:3)
  21 merfolk impalers
  9 merfolk javelineers
  Josephine (Lair:6)
  2 eidola
  A minotaur (Lab)
  12 ettins
  25 jiangshi
  2 mummy priests (Crypt:3)
  17 yaktaur captains
  Erolcha (D:13)
  5 fire dragons
  17 deep elf death magi
  11 ice dragons
  Fannar (Lair:2)
  9 ragged hierophants (Desolation)
  7 deep elf high priests
  A hell beast (Depths:2)
  10 great orbs of eyes
  6 servants of whispers (Desolation)
  5 rakshasas
  A quicksilver dragon skeleton (Crypt:2)
  9 hydras
  3 catoblepae
  40 vault guards
  9 centaur warriors
  7 spriggan air magi
  11 peacekeepers (Desolation)
  Erica (D:8)
  A spectral shadow dragon (Crypt:3)
  24 naga warriors
  5 anacondas
  13 merfolk aquamancers
  A hydra (shapeshifter) (Vaults:5)
  6 merfolk avatars
  27 two-headed ogres
  2 alligator snapping turtles
  10 ogre magi
  12 dancing weapons
  9 tengu warriors
  2 satyrs
  6 death yaks
  12 deep troll shamans
  9 death knights
  12 deep troll earth magi
  4 shock serpents
  Urug (D:13)
  2 thrashing horrors (WizLab)
  2 titan zombies
  8 vampire magi
  11 spriggan berserkers
  17 naga sharpshooters
  2 orc high priests (Orc:2)
  8 spriggans (Depths:5)
  17 deep elf knights
  13 hell knights
  Sonja (D:12)
  4 sixfirhies
  A soul eater (Crypt:2)
  2 shadow wraiths
  34 skeletal warriors
  2 storm dragon skeletons
  14 sea snakes
  A salamander mystic (Snake:3)
  3 iron trolls
  A ghost moth zombie (Crypt:2)
  13 unseen horrors
  4 glowing orange brains
  A golden dragon zombie (Crypt:3)
  A spectral anaconda (Crypt:3)
  4 wizards
  2 spark wasp zombies (D:15)
  An unseen horror (shapeshifter) (Depths:2)
  A golden dragon skeleton (Crypt:1)
  39 deep trolls
  11 naga ritualists
  20 ironbrand convokers
  21 phantasmal warriors
  11 flayed ghosts
  19 deep elf archers
  2 anaconda skeletons (Crypt:2)
  A lindwurm (Lair:5)
  An obsidian statue (WizLab)
  13 mana vipers
  55 deep elf magi
  12 orc sorcerers
  A wolf spider zombie (D:15)
  A glowing shapeshifter (Vaults:5)
  2 tengu skeletons
  28 harpies
  An iron dragon zombie (Crypt:2)
  21 orc knights
  23 ugly things
  14 necromancers
  13 manticores
  4 wolf spiders
  An orb spider (shapeshifter) (Depths:2)
  12 cyclopes
  A cyclops (shapeshifter) (Vaults:4)
  A faun (shapeshifter) (Vaults:1)
  12 fauns
  A frost giant zombie (Crypt:2)
  15 elephants
  9 fire giant zombies
  11 salamanders
  42 black mambas
  17 vault sentinels
  2 sphinx skeletons
  12 moths of wrath
  5 water nymphs
  2 fire giant skeletons
  2 molten gargoyles (Desolation)
  5 ice statues (IceCv)
  Joseph (D:8)
  4 rust devils
  11 merfolk sirens
  An alligator snapping turtle zombie (Crypt:2)
  27 spiny frogs
  15 guardian serpents
  A demonspawn skeleton (WizLab)
  3 gargoyles
  A dire elephant skeleton (Crypt:2)
  An orange demon (WizLab)
  A pale draconian zombie (Crypt:1)
  2 spiny frogs (shapeshifter)
  13 freezing wraiths
  A rime drake (Lair:2)
  A hellion (Depths:3)
  29 naga magi
  2 elves (Vaults:4)
  50 yaktaurs
  2 ice devils
  16 komodo dragons
  3 golden dragon simulacra
  2 ancient zymes (WizLab)
  A meliai (shapeshifter) (Depths:4)
  2 red devils
  2 tengu conjurers (D:13)
  A sea snake skeleton (Crypt:1)
  A jumping spider (Vaults:1)
  A troll (shapeshifter) (D:15)
  32 merfolk
  9 trolls
  8 wind drakes
  37 blink frogs
  2 jumping spiders (shapeshifter)
  A hornet (shapeshifter) (Vaults:5)
  11 guardian mummies
  A queen bee (shapeshifter) (Vaults:5)
  A tengu simulacrum (Vaults:3)
  5 tyrant leeches (Lair:6)
  15 hornets
  A hydra skeleton (Crypt:2)
  A raiju (Crypt:2)
  A sphinx simulacrum (Vaults:3)
  An ettin zombie (Vaults:2)
  A minotaur skeleton (Crypt:2)
  A blink frog (shapeshifter) (Vaults:1)
  12 slime creatures
  8 dream sheep
  A meliai zombie (Crypt:1)
  3 bog bodies
  65 saltlings (Desolation)
  5 snapping turtles
  14 hippogriffs
  Prince Ribbit (D:6)
  A human simulacrum (Vaults:2)
  64 flying skulls
  A fire giant simulacrum (Depths:4)
  2 ice dragon skeletons
  8 air elementals
  2 deep troll zombies
  4 shadows
  20 yaks
  A ynoxinul (WizLab)
  9 wyverns
  An ettin skeleton (Vaults:1)
  A vampire (D:10)
  12 wraiths
  7 redbacks
  A spriggan (shapeshifter) (Vaults:1)
  21 water elementals
  A tarantella (shapeshifter) (Vaults:5)
  An alligator skeleton (Crypt:2)
  A centaur simulacrum (D:15)
  A fire bat (shapeshifter) (Depths:3)
  9 basilisks
  A large abomination (Crypt:3)
  2 humans (D:14)
  6 hungry ghosts
  11 vampire mosquitoes
  2 chaos spawn (Depths:3)
  A steam dragon (D:13)
  5 hogs (Elf:1)
  Menkaure (D:7)
  2 neqoxecs (Depths:3)
  A harpy simulacrum (IceCv)
  3 wargs
  3 spatial vortices (WizLab)
  A swamp worm (shapeshifter) (Depths:3)
  100 nagas
  2 iron troll simulacra (IceCv)
  3 acid dragons (D:15)
  3 soldier ants
  20 water moccasins
  5 hydra simulacra (IceCv)
  2 floating eyes (shapeshifter) (Vaults:5)
  12 porcupines
  2 floating eyes (Depths:3)
  7 hell hounds (Crypt:2)
  2 sky beasts
  2 hornet zombies (D:13)
  Purgy (Sewer)
  3 black bears
  75 orc warriors
  An ettin simulacrum (IceCv)
  7 necrophages
  8 wolves
  4 eyes of draining
  A phantom (D:11)
  A hog zombie (Crypt:1)
  38 ogres
  11 ice beasts
  6 boggarts
  16 centaurs
  A snapping turtle skeleton (Crypt:2)
  3 big kobolds
  21 crocodiles
  36 bullfrogs
  An elf zombie (D:8)
  2 gnoll sergeants
  2 wyvern zombies
  2 earth elementals (Elf:3)
  Blork the orc (Orc:2)
  4 small abominations
  A hippogriff skeleton (Crypt:2)
  A spiny frog simulacrum (Crypt:3)
  A queen bee zombie (Crypt:1)
  A spriggan zombie (Crypt:2)
  6 scorpions
  16 killer bees
  2 spectral wolves (Crypt:2)
  9 wights (D:10)
  5 electric eels
  6 howler monkeys
  3 centaur zombies
  9 crimson imps
  7 hounds
  4 jellies
  4 bullfrog zombies
  4 human zombies
  A quasit (D:13)
  2 bullfrog skeletons
  38 orc priests
  5 centaur skeletons
  5 human skeletons
  12 iguanas
  A hell rat (Lair:1)
  41 orc wizards
  Ijyb (D:4)
  13 worker ants
  A bullfrog simulacrum (D:12)
  An ogre zombie (D:8)
  A naga zombie (Crypt:1)
  An ogre skeleton (D:8)
  3 hound skeletons
  8 mummies
  A worker ant zombie (D:6)
  A howler monkey skeleton (Crypt:2)
  13 gnolls
  13 adders
  4 shadow imps
  An ooze (D:2)
  A halfling zombie (Crypt:2)
  An adder skeleton (D:4)
  An adder zombie (D:6)
  9 worms
  A dart slug (D:1)
  9 leopard geckos
  134 orcs
  3 giant cockroaches
  11 goblins
  6 hobgoblins
  26 jackals
  27 kobolds
  5 quokkas
  A ball python (D:2)
  7 bats
  4 frilled lizards
  A kobold skeleton (Crypt:2)
  3 leopard gecko skeletons
  An orc skeleton (Crypt:1)
  12 rats
  2 fungi
  19 plants
  A withered plant (D:15)
2962 creatures vanquished.

Vanquished Creatures (collateral kills)
  Kirke (Elf:1)
  A peacekeeper (Desolation)
  A vampire mage (Crypt:2)
  A freezing wraith (Crypt:1)
  5 saltlings (Desolation)
  A wraith (Crypt:3)
  2 necrophages
  A killer bee (D:8)
13 creatures vanquished.

Vanquished Creatures (others)
  A deep elf master archer (Elf:3)
  A vampire knight (Depths:4)
  4 yaktaur captains
  A deep elf knight (Vaults:3)
  A moth of wrath (Zot:5)
  3 yaktaurs
  A merfolk (Shoals:4)
  A saltling (Desolation)
  A water elemental (Shoals:2)
  A bullfrog (D:6)
  A bullfrog skeleton (D:6)
  An adder (D:6)
  146 fire vortices
  6 fungi
  A lurking horror (WizLab)
  43 plants
  4 withered plants (D:15)
217 creatures vanquished.

Grand Total: 3192 creatures vanquished

Notes
Turn   | Place    | Note
-------+----------+-------------------------------------------
     0 | D:1      | removed the Deep Elf Arcane Marksman began the quest for the Orb.
     0 | D:1      | Reached XP level 1. HP: 11/11 MP: 5/5
   107 | D:1      | Reached skill level 1 in Fighting
   316 | D:1      | Reached XP level 2. HP: 9/16 MP: 4/6
  1407 | D:1      | Reached XP level 3. HP: 8/21 MP: 7/7
  2409 | D:2      | Reached XP level 4. HP: 28/28 MP: 6/8
  3564 | D:3      | Reached XP level 5. HP: 10/33 MP: 7/9
  5424 | D:4      | Noticed Ijyb
  5442 | D:4      | Killed Ijyb
  5532 | D:4      | Found a blossoming altar of Fedhas.
  5534 | D:4      | Noticed a centaur
  5544 | D:4      | Reached skill level 5 in Fighting
  5544 | D:4      | Reached XP level 6. HP: 35/40 MP: 10/10
  5741 | D:4      | Learned a level 1 spell: Magic Dart
  5942 | D:5      | Entered Level 5 of the Dungeon
  6050 | D:5      | Reached skill level 1 in Conjurations
  6184 | D:5      | Learned a level 2 spell: Blink
  6188 | D:5      | Learned a level 3 spell: Conjure Flame
  6647 | D:5      | Found a hazy altar of Hepliaklqana.
  6665 | D:5      | Reached XP level 7. HP: 43/44 MP: 11/11
  7082 | D:6      | Noticed Prince Ribbit
  7194 | D:6      | Found Tirih's Distillery.
  7205 | D:6      | Bought a potion of curing for 39 gold pieces
  7205 | D:6      | Bought a potion of agility for 52 gold pieces
  7313 | D:6      | Noticed a hippogriff
  7333 | D:6      | Killed Prince Ribbit
  7333 | D:6      | Reached skill level 5 in Conjurations
  7398 | D:6      | Reached skill level 2 in Spellcasting
  7466 | D:6      | Found a glowing drain.
  7476 | Sewer    | Entered a sewer
  7599 | Sewer    | Reached skill level 3 in Spellcasting
  7685 | Sewer    | Noticed Purgy
  7712 | Sewer    | Killed Purgy
  7712 | Sewer    | Reached skill level 4 in Spellcasting
  7712 | Sewer    | Reached XP level 8. HP: 49/49 MP: 1/16
  7900 | D:6      | Reached skill level 5 in Spellcasting
  7993 | D:6      | Learned a level 3 spell: Mephitic Cloud
  8531 | D:6      | Found a sparkling altar of Nemelex Xobeh.
  8604 | D:6      | Killed a hippogriff
  8845 | D:7      | Found a snail-covered altar of Cheibriados.
  9085 | D:7      | Reached skill level 6 in Spellcasting
  9120 | D:7      | Found a staircase to the Ecumenical Temple.
  9127 | Temple   | Entered the Ecumenical Temple
  9315 | Temple   | Became a worshipper of Vehumet
  9500 | D:7      | Reached skill level 7 in Spellcasting
  9603 | D:7      | Reached XP level 9. HP: 54/54 MP: 11/22
  9862 | D:7      | Noticed Menkaure
  9878 | D:7      | Killed Menkaure
 10412 | D:7      | Reached skill level 5 in Dodging
 10475 | D:8      | Noticed Erica
 10702 | D:7      | Reached * piety under Vehumet
 10702 | D:7      | Offered knowledge of Sandblast by Vehumet.
 10731 | D:8      | Killed Erica
 10731 | D:8      | Reached skill level 10 in Conjurations
 10879 | D:8      | Noticed Gastronok
 11346 | D:8      | Reached skill level 8 in Spellcasting
 11632 | D:8      | Reached skill level 9 in Spellcasting
 11632 | D:8      | Reached XP level 10. HP: 59/59 MP: 14/25
 11798 | D:8      | Found a burning altar of Makhleb.
 12549 | D:8      | Found a bloodstained altar of Trog.
 12560 | D:8      | Reached skill level 10 in Spellcasting
 12949 | D:8      | Noticed Joseph
 12975 | D:8      | Killed Joseph
 13115 | D:8      | Offered knowledge of Flame Tongue by Vehumet.
 13152 | D:8      | Learned a level 1 spell: Flame Tongue
 13157 | D:8      | Reached ** piety under Vehumet
 13157 | D:8      | Reached skill level 1 in Fire Magic
 13328 | D:8      | Noticed a two-headed ogre
 13344 | D:8      | Killed a two-headed ogre
 13524 | D:8      | Reached skill level 5 in Fire Magic
 14086 | D:8      | Offered knowledge of Ignite Poison by Vehumet.
 14352 | D:8      | Reached *** piety under Vehumet
 14493 | D:8      | Found a basalt altar of Yredelemnul.
 14924 | D:9      | Noticed a gargoyle
 15141 | D:6      | Bought 2 potions of haste for 260 gold pieces
 15720 | D:10     | Entered Level 10 of the Dungeon
 15761 | D:10     | Offered knowledge of Throw Icicle by Vehumet.
 15768 | D:10     | Reached XP level 11. HP: 64/64 MP: 17/27
 16238 | D:9      | Found a deep blue altar of Sif Muna.
 16238 | D:9      | Found a hide-covered altar of Uskayaw.
 16665 | D:9      | Reached **** piety under Vehumet
 16807 | D:9      | Offered knowledge of Lee's Rapid Deconstruction by Vehumet.
 16835 | D:9      | Found a staircase to the Orcish Mines.
 16836 | D:9      | Found a roughly hewn altar of Beogh.
 16903 | D:9      | Found a staircase to the Lair.
 17371 | D:10     | Killed an unseen horror
 17371 | D:10     | Reached skill level 10 in Fire Magic
 17642 | D:10     | Noticed a two-headed ogre
 17647 | D:10     | Killed a two-headed ogre
 17666 | D:10     | Killed an unseen horror
 18013 | D:10     | Noticed a two-headed ogre
 18023 | D:10     | Killed a two-headed ogre
 18299 | D:11     | Noticed a green ugly thing
 18344 | D:11     | Found Quida's Assorted Antiques.
 18414 | D:11     | Killed an unseen horror
 18607 | D:11     | Reached skill level 11 in Spellcasting
 18632 | D:11     | Killed a green ugly thing
 18806 | D:11     | Reached ***** piety under Vehumet
 19003 | D:11     | Noticed no0bjke's ghost (journeyman GrFi)
 19312 | D:11     | Offered knowledge of Olgreb's Toxic Radiance by Vehumet.
 19336 | D:11     | Noticed a brown ugly thing
 19345 | D:11     | Killed a brown ugly thing
 19493 | D:11     | Found a runed door.
 19493 | D:11     | Noticed a seven-headed hydra
 19515 | D:11     | Killed a seven-headed hydra
 19515 | D:11     | Reached XP level 12. HP: 70/70 MP: 23/29
 19650 | D:11     | Noticed a two-headed ogre
 19681 | D:11     | Killed a two-headed ogre
 20183 | D:11     | Noticed a two-headed ogre
 20199 | D:11     | Killed a two-headed ogre
 20761 | D:11     | Noticed a catoblepas
 21045 | D:11     | Killed a catoblepas
 21239 | D:11     | Noticed a queen ant
 21239 | D:11     | a queen ant changed into a tyrant leech
 21240 | D:11     | Noticed a minotaur
 21240 | D:11     | a tyrant leech changed into a minotaur
 21244 | D:11     | Noticed a stone giant
 21244 | D:11     | a minotaur changed into a stone giant
 21246 | D:11     | Noticed an azure jelly
 21246 | D:11     | a stone giant changed into an azure jelly
 21247 | D:11     | an azure jelly changed into an iron troll
 21251 | D:11     | Noticed a sphinx
 21251 | D:11     | an iron troll changed into a sphinx
 21267 | D:11     | Noticed an iron giant
 21275 | D:11     | Noticed a fire giant
 21276 | D:11     | Noticed a golden dragon
 21276 | D:11     | a fire giant changed into a golden dragon
 21285 | D:11     | Noticed a caustic shrike
 21438 | D:11     | Got a transparent flail
 21439 | D:11     | Identified the +9 flail of the Beginning {crush, rElec Int+5 Dex-4} (You found it on level 11 of the Dungeon)
 21534 | Lair:1   | Entered Level 1 of the Lair of Beasts
 21549 | Lair:1   | Reached skill level 12 in Spellcasting
 22151 | Lair:1   | Noticed an eight-headed hydra
 22166 | Lair:1   | Killed an eight-headed hydra
 22226 | Lair:1   | Noticed a seven-headed hydra
 22236 | Lair:1   | Killed a seven-headed hydra
 22236 | Lair:1   | Reached skill level 13 in Spellcasting
 23072 | Lair:1   | Noticed a seven-headed hydra
 23088 | Lair:1   | Killed a seven-headed hydra
 23088 | Lair:1   | Reached XP level 13. HP: 75/76 MP: 16/32
 23929 | Lair:2   | Reached skill level 14 in Spellcasting
 23929 | Lair:2   | Reached XP level 14. HP: 82/82 MP: 30/34
 23992 | Lair:2   | Noticed Fannar
 24019 | Lair:2   | Found a staircase to the Snake Pit.
 24146 | Lair:2   | Reached skill level 15 in Spellcasting
 24183 | Lair:2   | Learned a level 4 spell: Throw Icicle
 25114 | Lair:2   | Offered knowledge of Freezing Cloud by Vehumet.
 25282 | Lair:2   | Found a basalt altar of Yredelemnul.
 26017 | Lair:2   | Reached skill level 15 in Conjurations
 26138 | Lair:2   | Killed Fannar
 26269 | Lair:3   | Noticed Snorg
 26292 | Lair:3   | Killed Snorg
 26319 | Lair:3   | Found a labyrinth entrance.
 26325 | Lab      | Entered a labyrinth
 26923 | Lab      | Identified the Volume of the Glacial Arsonist
 26933 | Lab      | Learned a level 5 spell: Fireball
 26939 | Lab      | Learned a level 5 spell: Bolt of Magma
 26944 | Lab      | Got a warped crystal amulet
 26946 | Lab      | Identified the amulet of Guchongo {MR+ Regen+ Dex+5} (You found it in a labyrinth)
 27049 | Lair:3   | Reached skill level 1 in Earth Magic
 27217 | Lair:3   | Found a staircase to the Shoals.
 27767 | Lair:3   | Found an opulent altar of Gozag.
 28813 | Lair:4   | Reached skill level 5 in Earth Magic
 30221 | Lair:6   | Entered Level 6 of the Lair of Beasts
 30296 | Lair:6   | Reached XP level 15. HP: 86/86 MP: 16/36
 30461 | Lair:6   | Noticed Josephine
 30464 | Lair:6   | Killed Josephine
 30464 | Lair:6   | Offered knowledge of Iron Shot by Vehumet.
 30482 | Lair:5   | Learned a level 6 spell: Iron Shot
 33127 | D:8      | Found a bloodstained altar of Trog.
 33246 | D:8      | Found a burning altar of Makhleb.
 33621 | D:8      | Found a basalt altar of Yredelemnul.
 33731 | D:7      | Found a snail-covered altar of Cheibriados.
 33750 | D:7      | Killed Gastronok
 33750 | D:7      | Reached skill level 1 in Shields
 34300 | D:12     | Reached ****** piety under Vehumet
 34300 | D:12     | Offered knowledge of Bolt of Cold by Vehumet.
 34365 | D:12     | Got a scorched glass ring
 34367 | D:12     | Identified the ring "Becs" {rPois rC+ Int+4 Dex-4 Slay+3} (You found it on level 12 of the Dungeon)
 34746 | D:12     | Got a steaming hunting sling
 34747 | D:12     | Identified the +0 hunting sling of Vanity {venom, rElec rF- MR+ SInv} (You took it off a death knight on level 12 of the Dungeon)
 34972 | D:12     | Noticed Sonja
 34972 | D:12     | Killed Sonja
 35435 | D:13     | Reached skill level 5 in Shields
 35440 | D:13     | Noticed Urug
 35446 | D:13     | Killed Urug
 35586 | D:13     | Noticed Erolcha
 35589 | D:13     | Killed Erolcha
 36068 | D:13     | Noticed Rupert
 36084 | D:13     | Killed Rupert
 36084 | D:13     | Reached XP level 16. HP: 92/92 MP: 26/37
 36311 | D:13     | Identified a scroll of acquirement
 36415 | D:13     | Found a runed door.
 36583 | D:13     | Noticed a sphinx
 36586 | D:13     | Killed a sphinx
 36806 | D:14     | Found a white marble altar of Elyvilon.
 37246 | D:14     | Offered knowledge of Conjure Ball Lightning by Vehumet.
 37523 | D:14     | Reached skill level 15 in Fire Magic
 37578 | D:14     | Found a gate to the Vaults.
 37831 | D:15     | Entered Level 15 of the Dungeon
 38289 | D:15     | Found a staircase to the Depths.
 39444 | Orc:1    | Entered Level 1 of the Orcish Mines
 39529 | Orc:1    | Reached skill level 16 in Spellcasting
 39971 | Orc:2    | Entered Level 2 of the Orcish Mines
 40167 | Orc:2    | Found a roughly hewn altar of Beogh.
 40237 | Orc:2    | Offered knowledge of Orb of Destruction by Vehumet.
 40557 | Orc:2    | Noticed Blork the orc
 40557 | Orc:2    | Killed Blork the orc
 40698 | Orc:2    | Found a roughly hewn altar of Beogh.
 41024 | Orc:2    | Found Acuulaeh's Jewellery Emporium.
 41035 | Orc:2    | Found Dochutol's General Store.
 41092 | Orc:2    | Found Qyfix's Antique Armour Emporium.
 41123 | Orc:2    | Found a staircase to the Elven Halls.
 41501 | Orc:2    | Found Qytox's Antique Weapon Emporium.
 41579 | Orc:2    | Bought a warped shield for 313 gold pieces
 41589 | Orc:2    | Identified the +3 shield "Enueqo" {rN++ MR- Int+5} (You bought it in a shop on level 2 of the Orcish Mines)
 41632 | Orc:2    | Bought the Reference Book on Scorching Transmigration for 670 gold pieces
 41641 | Orc:2    | Learned a level 8 spell: Ignition
 41796 | Orc:1    | Found Solieg's Antique Weapon Shoppe.
 42188 | Snake:1  | Entered Level 1 of the Snake Pit
 42296 | Snake:1  | Offered knowledge of Bolt of Fire by Vehumet.
 42304 | Snake:1  | Learned a level 6 spell: Bolt of Fire
 43043 | Snake:1  | Reached XP level 17. HP: 96/96 MP: 34/39
 43670 | Snake:2  | Found a flickering gateway to a bazaar.
 43678 | Bazaar   | Entered a bazaar
 43678 | Bazaar   | Found Seaniz's Weapon Boutique.
 43678 | Bazaar   | Found Orulur's Armour Shop.
 43678 | Bazaar   | Found Fitwill's Antique Weapon Shop.
 43700 | Bazaar   | Bought an ichor-stained long sword for 136 gold pieces
 43700 | Bazaar   | Identified the +6 long sword of the Chickpea {vamp, *Contam *Rage rF+++ MR++} (You bought it in a shop in a bazaar)
 45113 | Snake:2  | Learned a level 4 spell: Sticky Flame
 45660 | Snake:3  | Offered knowledge of Fire Storm by Vehumet.
 45660 | Snake:3  | Offered knowledge of Shatter by Vehumet.
 45660 | Snake:3  | Offered knowledge of Tornado by Vehumet.
 46545 | Snake:4  | Entered Level 4 of the Snake Pit
 46564 | Snake:4  | Noticed Vashnia
 46617 | Snake:4  | Killed Vashnia
 47162 | Snake:4  | Reached XP level 18. HP: 103/103 MP: 21/40
 48439 | Snake:4  | Got a serpentine rune of Zot
 48553 | Snake:4  | Reached skill level 17 in Spellcasting
 49135 | Snake:4  | Reached skill level 18 in Spellcasting
 49499 | Snake:4  | Got a crystal long sword {slice}
 49549 | Snake:4  | Identified the +8 long sword of Extinguishment {slice, rPois Str+4 Int+2} (You took it off a naga warrior on level 4 of the Snake Pit)
 50986 | D:14     | Learned a level 9 spell: Fire Storm
 51018 | Vaults:1 | Entered Level 1 of the Vaults
 51209 | Vaults:1 | Noticed Asterion
 51213 | Vaults:1 | Killed Asterion
 51305 | Vaults:1 | Noticed Donald
 51307 | Vaults:1 | Killed Donald
 51692 | Vaults:1 | Reached XP level 19. HP: 110/110 MP: 26/43
 54185 | Vaults:2 | Found a staircase to the Crypt.
 54185 | Vaults:2 | Found a basalt altar of Yredelemnul.
 54186 | Vaults:2 | Found an ancient bone altar of Kikubaaqudgha.
 54441 | Vaults:2 | Found a portal to a secret trove of treasure.
 54448 | Vaults:2 | Learned a level 1 spell: Apportation
 54660 | Vaults:2 | Got a warped scale mail
 54818 | Vaults:2 | Identified the +5 scale mail of the Teacher {MR+ MP+9} (You found it on level 2 of the Vaults)
 54821 | Vaults:2 | Got an ominously black robe
 54822 | Vaults:2 | Identified the +1 robe of the Snake Pit {rC+} (You found it on level 2 of the Vaults)
 55542 | Vaults:3 | Reached skill level 19 in Spellcasting
 55628 | Vaults:3 | Noticed Margery
 55629 | Vaults:3 | Reached XP level 20. HP: 81/115 MP: 37/45
 55634 | Vaults:3 | Killed Margery
 55991 | Vaults:3 | Reached skill level 20 in Spellcasting
 56786 | Vaults:4 | Reached skill level 21 in Spellcasting
 56960 | Vaults:4 | Found Jieceir's Magic Scroll Emporium.
 57018 | Vaults:4 | Found a ruined gateway.
 57042 | Desolati | Entered the Desolation of Salt
 57329 | Desolati | Got a bloodstained buckler
 57331 | Desolati | Got a brightly glowing ruby amulet
 57361 | Desolati | Reached skill level 22 in Spellcasting
 57579 | Desolati | Got a scorched brass ring
 57610 | Desolati | Identified Dimuc's Volume of the Shifting Frostbite
 57614 | Desolati | Identified the Grimoire of the Aerial Escort
 57686 | Desolati | Got a brightly glowing chain mail
 57698 | Desolati | Identified the +1 chain mail "Yhucona" {Str+3} (You took it off a servant of whispers in the Desolation of Salt)
 57917 | Desolati | Reached skill level 23 in Spellcasting
 58255 | Desolati | Got a scorched zirconium amulet
 58259 | Desolati | Got a glittering brass ring
 58329 | Desolati | Reached XP level 21. HP: 108/120 MP: 50/50
 58450 | Desolati | Identified the amulet of Yffixt {Reflect -Tele +Inv rN+ SH+6} (You took it off a ragged hierophant in the Desolation of Salt)
 58455 | Desolati | Identified the ring "Modidd" {+Fly Str+2 Dex-2 Slay+2 SInv} (You took it off a servant of whispers in the Desolation of Salt)
 58457 | Desolati | Identified the ring "Ihiryas" {*Tele rPois Stlth+} (You took it off an imperial myrmidon in the Desolation of Salt)
 58462 | Desolati | Identified the amulet "Ypoynwer" {Spirit MR+ Slay+5 SInv} (You took it off a ragged hierophant in the Desolation of Salt)
 58478 | Desolati | Identified the cursed +0 buckler "Egiebe Otek" {rPois rF- Str+8 Stlth-} (You took it off a ragged hierophant in the Desolation of Salt)
 58643 | Desolati | Identified the Volume of Ice
 58646 | Desolati | Identified the Compendium of Feathers and Changing
 58760 | Desolati | Got a smoking flail
 58761 | Desolati | Identified the +5 flail of Pyopsegg {crush, +Fly rN++ MP+9 Int-3} (You found it in the Desolation of Salt)
 58912 | Vaults:4 | Identified Ehewarik's Incunabulum of Cankerous Weightlessness
 59132 | Vaults:4 | Reached skill level 24 in Spellcasting
 59591 | Vaults:4 | Reached skill level 25 in Spellcasting
 60649 | Shoals:1 | Entered Level 1 of the Shoals
 61120 | Shoals:1 | Found Damyggum's Food Shoppe.
 61923 | Shoals:2 | Noticed Polyphemus
 61939 | Shoals:2 | Killed Polyphemus
 62622 | Shoals:3 | Reached XP level 22. HP: 84/125 MP: 53/53
 62670 | Shoals:3 | Learned a level 3 spell: Regeneration
 62717 | Shoals:3 | Found a frozen archway.
 62728 | IceCv    | Entered an ice cave
 62939 | IceCv    | Reached skill level 1 in Charms
 63336 | Shoals:3 | Reached skill level 5 in Charms
 63672 | Shoals:3 | Noticed Louise
 63674 | Shoals:3 | Killed Louise
 63774 | Shoals:4 | Entered Level 4 of the Shoals
 63824 | Shoals:4 | Noticed Ilsuiw
 63827 | Shoals:4 | Killed Ilsuiw
 63943 | Shoals:4 | Reached skill level 10 in Charms
 64123 | Shoals:4 | Got a ripped robe
 64134 | Shoals:4 | Identified the cursed +0 robe of Resourcefulness {-Cast rPois Int+4} (You found it on level 4 of the Shoals)
 64333 | Shoals:4 | Got a brightly glowing rapier
 64334 | Shoals:4 | Identified the +4 rapier of Expedience {flame, rElec rPois Int+3} (You found it on level 4 of the Shoals)
 64427 | Shoals:4 | Got a barnacled rune of Zot
 64844 | D:12     | Learned a level 6 spell: Deflect Missiles
 65014 | Elf:1    | Entered Level 1 of the Elven Halls
 65055 | Elf:1    | Noticed Kirke
 65058 | Elf:1    | Killed Kirke
 65074 | Elf:1    | Reached skill level 26 in Spellcasting
 65158 | Elf:1    | Identified the Catalogue of Summoning
 65674 | Elf:1    | Found Utanlacom's Distillery.
 65681 | Elf:1    | Bought a potion of magic for 112 gold pieces
 65943 | Elf:2    | Found Ukutir's Gadget Boutique.
 66010 | Elf:2    | Found a runed gate.
 66011 | Elf:2    | Found a runed gate.
 66012 | Elf:2    | Found a runed gate.
 66475 | Elf:3    | Entered Level 3 of the Elven Halls
 66475 | Elf:3    | Found Makare's Weapon Emporium.
 66760 | Elf:3    | Reached XP level 23. HP: 116/129 MP: 53/55
 66780 | Elf:3    | Reached skill level 27 in Spellcasting
 67245 | Elf:3    | Got a scorched iron amulet
 67469 | Elf:3    | Identified the amulet of Tanasideu {Faith -Tele MR++ Int+4} (You took it off a deep elf death mage on level 3 of the Elven Halls)
 67484 | Elf:3    | Got a pair of shimmering boots
 67495 | Elf:3    | Identified the +2 pair of boots of Circular Logic {MR+ Str+4} (You found it on level 3 of the Elven Halls)
 67505 | Elf:3    | Learned a level 6 spell: Poison Arrow
 67514 | Elf:3    | Learned a level 8 spell: Lehudib's Crystal Spear
 67520 | Elf:3    | Identified the Papyrus of Frigorific Attacks
 67534 | Elf:3    | Got a bloodstained scale mail
 67543 | Elf:3    | Got a shimmering dagger
 67544 | Elf:3    | Identified the +0 dagger "Bunli" {pain, rPois Dex+3} (You found it on level 3 of the Elven Halls)
 68741 | Crypt:1  | Entered Level 1 of the Crypt
 68770 | Crypt:1  | Found a magical portal.
 68774 | Crypt:1  | Noticed Bai Suzhen
 68776 | Crypt:1  | Killed Bai Suzhen
 68921 | WizLab   | Entered The Roulette of Golubria
 68982 | WizLab   | Found a corrupted altar of Lugonu.
 69340 | WizLab   | Found a corrupted altar of Lugonu.
 69761 | WizLab   | Identified Golubria's Collected Works on Translocation
 69873 | WizLab   | Got a dazzling cloak
 69877 | WizLab   | Got a faintly glowing cloak
 69901 | WizLab   | Identified the +2 cloak of Happy Babbling {rElec rC+ Str-3 Slay+3} (You found it in a wizard's laboratory)
 69911 | WizLab   | Identified the cursed +0 cloak of Sorcery {Str+2} (You found it in a wizard's laboratory)
 69925 | WizLab   | Got a steaming cloak
 69936 | WizLab   | Identified the cursed -3 cloak "Siunlida" {*Drain +Fly rElec} (You found it in a wizard's laboratory)
 69958 | WizLab   | Identified Golubria's Tome of the Voyage
 70353 | Crypt:2  | Noticed Khufu
 70359 | Crypt:2  | Killed Khufu
 70564 | Crypt:2  | Noticed Saint Roka
 70569 | Crypt:2  | Killed Saint Roka
 70802 | Crypt:1  | Identified a +2 pair of boots of running (You found it on level 1 of the Crypt)
 70842 | Crypt:2  | Reached skill level 10 in Fighting
 71124 | Crypt:2  | Noticed Jory
 71127 | Crypt:2  | Killed Jory
 71359 | Crypt:2  | Reached XP level 24. HP: 139/139 MP: 24/56
 71844 | Crypt:2  | Found an ancient bone altar of Kikubaaqudgha.
 71925 | Crypt:2  | Learned a level 2 spell: Sublimation of Blood
 72190 | Crypt:3  | Entered Level 3 of the Crypt
 72388 | Crypt:3  | Found a basalt altar of Yredelemnul.
 72466 | Crypt:3  | Got a faintly humming leather armour
 72581 | Crypt:3  | Identified the +0 leather armour "Ruqiuv" {-Tele rPois MR+++ Int+3} (You took it off a necromancer on level 3 of the Crypt)
 72585 | Crypt:3  | Got a scorched ring mail
 73169 | Crypt:3  | Identified the +4 ring mail of Subjectivity {+Inv Dex+4} (You took it off a death knight on level 3 of the Crypt)
 73485 | Crypt:3  | Got a brightly glowing shield
 73496 | Crypt:3  | Identified the +3 shield of Dithmenos's Envy {rF+} (You found it on level 3 of the Crypt)
 73509 | Crypt:3  | Got a scorched diamond amulet
 73510 | Crypt:3  | Identified the amulet "Lysefil" {RegenMP -Tele Str+7} (You found it on level 3 of the Crypt)
 73535 | Crypt:3  | Noticed a greater mummy
 73537 | Crypt:3  | Killed a greater mummy
 73658 | Crypt:3  | Found a staircase to the Tomb.
 73680 | Crypt:3  | Identified the Disquisition on Battle Magic
 74248 | Vaults:2 | You paid a toll of +3 storm dragon scales to enter a treasure trove
 74249 | Trove    | Entered a treasure trove
 74266 | Trove    | Got a transparent quarterstaff
 74274 | Trove    | Got a crystal shortbow
 74306 | Trove    | Got a faintly glowing short sword
 74309 | Trove    | Identified the +7 short sword of the Cup {pierce, *Corrode Int+2 Dex+4} (You found it in a treasure trove)
 74311 | Trove    | Identified the +2 quarterstaff "Pehi Duu" {venom, rPois Str+2} (You found it in a treasure trove)
 74313 | Trove    | Identified the +7 shortbow of Luabalid {velocity, rPois Dex+3} (You found it in a treasure trove)
 74316 | Trove    | Got a shimmering broad axe
 74317 | Trove    | Identified the +9 broad axe "Wodoydd" {drain, rC+} (You found it in a treasure trove)
 74665 | Depths:1 | Entered Level 1 of the Depths
 74821 | Depths:1 | Reached skill level 15 in Fighting
 74831 | Depths:1 | Learned a level 8 spell: Necromutation
 74872 | Depths:1 | Noticed Mara
 74874 | Depths:1 | Noticed removed's illusion
 74876 | Depths:1 | Killed Mara
 74963 | Depths:1 | Found Kutzood's Antique Armour Shoppe.
 75342 | Depths:1 | Reached XP level 25. HP: 151/151 MP: 56/56
 75450 | Depths:1 | Found a gateway to Hell.
 75723 | Depths:2 | Found a one-way gate leading to the halls of Pandemonium.
 75745 | Depths:2 | Reached skill level 5 in Necromancy
 75807 | Depths:2 | Got a dazzling shield
 75818 | Depths:2 | Identified the +0 shield of Xucivapn {+Fly rF- rC+ rN+ Int+4} (You acquired it on level 2 of the Depths)
 75923 | Depths:2 | Reached skill level 5 in Transmutations
 76634 | Depths:3 | Found Faeffico's Weapon Emporium.
 76649 | Depths:3 | Found Jozapoga's Weapon Shoppe.
 76654 | Depths:3 | Found Losohuebb's Food Shoppe.
 77194 | Depths:3 | Reached skill level 10 in Necromancy
 77775 | Depths:3 | Reached skill level 10 in Transmutations
 77850 | Depths:3 | Got a transparent zirconium amulet
 77851 | Depths:3 | Identified the amulet of Fragile Peace {-Tele rF+++ MR+++ Regen+ Int-2} (You took it off a frost giant on level 3 of the Depths)
 77988 | Depths:3 | Got a bound steel ring
 78017 | Depths:3 | Identified the Tome of Fire
 78121 | Depths:3 | Identified the ring "Eturiseg" {rC+ Stlth+} (You found it on level 3 of the Depths)
 78142 | Depths:3 | Learned a level 7 spell: Ring of Flames
 78496 | Depths:4 | Found a one-way gate to the infinite horrors of the Abyss.
 78616 | Depths:4 | Reached XP level 26. HP: 90/156 MP: 56/56
 78800 | Depths:4 | Got a pitted leather armour
 78810 | Depths:4 | Identified the +5 leather armour of Indomitability {rF+ Str-5 Slay+3 SInv} (You found it on level 4 of the Depths)
 78823 | Depths:4 | Found a gateway to a ziggurat.
 79088 | Depths:4 | Identified the Handbook of Ashen Curses
 79230 | Depths:4 | Noticed a juggernaut
 79236 | Depths:4 | Killed a juggernaut
 79525 | Depths:5 | Entered Level 5 of the Depths
 79838 | Depths:5 | Found a corrupted altar of Lugonu.
 80000 | Depths:5 | Reached skill level 15 in Necromancy
 80306 | Depths:5 | Found a gate to the Realm of Zot.
 81320 | Vaults:5 | Entered Level 5 of the Vaults
 81320 | Vaults:5 | Noticed Jorgrun
 81321 | Vaults:5 | Reached skill level 10 in Earth Magic
 81323 | Vaults:5 | Killed Jorgrun
 81471 | Vaults:5 | Reached XP level 27. HP: 161/161 MP: 31/56
 82121 | Vaults:5 | Noticed an ancient lich
 82122 | Vaults:5 | Killed an ancient lich
 82360 | Vaults:5 | Got a silver rune of Zot
 83093 | Zot:1    | Entered Level 1 of the Realm of Zot
 83095 | Zot:1    | Got a pair of jewelled boots
 83106 | Zot:1    | Identified the +0 pair of boots "Tout" {rElec rPois Str+3} (You acquired it on level 1 of the Realm of Zot)
 83260 | Zot:2    | HP: 5/161 [deathcap/drain life[a curse toe] (5)]
 83463 | Zot:5    | Entered Level 5 of the Realm of Zot
 84149 | Zot:5    | Noticed an ancient lich
 84153 | Zot:5    | Killed an ancient lich
 84265 | Zot:5    | Noticed an ancient lich
 84268 | Zot:5    | Killed an ancient lich
 84270 | Zot:5    | Noticed an orb of fire
 84280 | Zot:5    | Killed an orb of fire
 84387 | Zot:5    | Noticed an ancient lich
 84392 | Zot:5    | Killed an ancient lich
 84467 | Zot:5    | Reached skill level 15 in Earth Magic
 84693 | Zot:5    | Noticed an orb of fire
 84700 | Zot:5    | Killed an orb of fire
 84835 | Zot:5    | Noticed an orb of fire
 84841 | Zot:5    | Killed an orb of fire
 84866 | Zot:5    | Noticed an orb of fire
 84868 | Zot:5    | Killed an orb of fire
 85454 | Zot:5    | Got the Orb of Zot
 85490 | Zot:5    | Noticed an orb of fire
 85495 | Zot:5    | Killed an orb of fire
 85501 | Zot:5    | Noticed an ancient lich
 85826 | Depths:2 | Noticed Hoado the pandemonium lord
 85853 | Depths:2 | Killed Hoado the pandemonium lord
 86174 | D:$      | Escaped with the Orb!

Skill      XL: |  1  2  3  4  5  6  7  8  9 10 11 12 13 14 15 16 17 18 19 20 21 22 23 24 25 26 27 |
---------------+----------------------------------------------------------------------------------+-----
Fighting       | 1 2 3 5 6 7 9 10 15 | 15.0
Conjurations   | 3 6 8 11 12 13 14 16 17 19 21 22 23 26 | 26.0
Spellcasting   | 4 7 9 10 11 13 14 15 16 18 19 23 25 26 27 | 27.0
Dodging        | 5 6 8 |  8.0
Fire Magic     | 8 10 11 12 13 17 19 21 22 23 25 | 25.9
Translocations | 3 |  3.7
Earth Magic    | 6 9 11 16 | 16.9
Shields        | 5 |  5.0
Charms         | 11 | 11.1
Necromancy     | 4 13 15 | 15.0
Transmutations | 3 11 14 | 14.0
Bows           | |  2.4
Hexes          | |  4.0

Action                   |  1- 3 |  4- 6 |  7- 9 | 10-12 | 13-15 | 16-18 | 19-21 | 22-24 | 25-27 || total
-------------------------+-------+-------+-------+-------+-------+-------+-------+-------+-------++-------
Melee: Mace              |   120 |    31 |    23 |       |       |       |       |       |       ||   174
       Whip              |       |   182 |   168 |    71 |       |       |       |       |       ||   421
       Flail             |       |       |       |       |    30 |     8 |     2 |       |       ||    40
       Staff             |       |       |       |       |     1 |       |     1 |     8 |     2 ||    12
 Fire: Shortbow          |    29 |   101 |     4 |       |       |       |       |       |       ||   134
       Blowgun           |       |       |       |       |     1 |     5 |       |       |       ||     6
 Cast: Corona            |     9 |    25 |    15 |       |       |       |       |       |       ||    49
       Magic Dart        |       |       |   253 |   180 |       |       |       |       |       ||   433
       Conjure Flame     |       |       |    15 |    57 |     2 |       |       |       |       ||    74
       Mephitic Cloud    |       |       |    15 |    56 |    12 |       |       |       |       ||    83
       Flame Tongue      |       |       |       |   887 |   110 |       |       |       |       ||   997
       Blink             |       |       |       |    39 |    23 |     2 |     1 |     1 |     7 ||    73
       Throw Icicle      |       |       |       |       |   158 |       |       |     5 |       ||   163
       Bolt of Magma     |       |       |       |       |   289 |   198 |       |       |       ||   487
       Fireball          |       |       |       |       |    60 |    94 |     9 |    20 |     8 ||   191
       Iron Shot         |       |       |       |       |     2 |    26 |    26 |    46 |     8 ||   108
       Bolt of Fire      |       |       |       |       |       |   349 |   449 |   508 |   254 ||  1560
       Ignition          |       |       |       |       |       |    31 |    82 |    69 |    75 ||   257
       Sticky Flame      |       |       |       |       |       |     2 |       |       |       ||     2
       Fire Storm        |       |       |       |       |       |     2 |    20 |    47 |    40 ||   109
       Deflect Missiles  |       |       |       |       |       |       |       |     3 |     5 ||     8
       Regeneration      |       |       |       |       |       |       |       |     2 |    15 ||    17
       Lehudib's Crystal |       |       |       |       |       |       |       |     3 |   107 ||   110
       Poison Arrow      |       |       |       |       |       |       |       |       |   130 ||   130
       Necromutation     |       |       |       |       |       |       |       |       |     5 ||     5
       Ring of Flames    |       |       |       |       |       |       |       |       |     5 ||     5
 Abil: End Transformatio |       |       |       |       |       |       |       |       |     1 ||     1
Evoke: Wand              |       |       |     1 |       |       |     1 |     5 |     1 |     5 ||    13
       Phantom mirror    |       |       |       |       |       |     1 |       |       |       ||     1
  Use: Scroll            |       |     7 |     1 |    16 |    13 |    11 |    11 |    20 |    13 ||    92
       Potion            |       |     1 |     2 |       |     1 |     2 |     3 |       |    15 ||    24
 Stab: Sleeping          |     2 |     3 |       |       |       |       |       |       |       ||     5
       Confused          |       |       |     4 |     4 |       |       |       |       |       ||     8
  Eat: Chunk             |     5 |    13 |    16 |    29 |    26 |    29 |    37 |    34 |    19 ||   208
       Fruit             |       |     1 |     1 |       |       |     2 |     4 |     1 |       ||     9
       Meat ration       |       |       |       |     1 |     2 |     4 |     1 |     2 |     2 ||    12
       Royal jelly       |       |       |       |       |     3 |     3 |     2 |     2 |     4 ||    14
       Bread ration      |       |       |       |       |       |       |     2 |     1 |     1 ||     4
Armor: Robe              |    33 |    97 |       |       |    14 |    24 |    15 |    24 |    30 ||   237
       Leather armour    |       |    30 |    71 |   104 |    15 |       |       |       |       ||   220
Dodge: Dodged            |   124 |   204 |   151 |   341 |   207 |   181 |   109 |   168 |   151 ||  1636
       Deflected         |       |       |       |       |       |       |       |    22 |    36 ||    58
Block: Buckler           |       |       |       |       |    14 |    81 |    78 |   102 |    93 ||   368
       Reflection        |       |       |       |       |     6 |    36 |    37 |    18 |    44 ||   141
